 Dungeon Crawl Stone Soup version 0.31-a0-240-gb923e448b6 (webtiles) character file.

Game seed: 686936796035444513

119 qw the Shooter (level 4, 0/36 HPs)
             Began as a Minotaur Hexslinger on July 11, 2023.
             Slain by a gnoll
             ... wielding a +0 halberd
              (14 damage)
             ... on level 3 of the Dungeon.
             The game lasted 00:00:51 (2325 turns).

qw the Shooter (Minotaur Hexslinger)                Turns: 2325, Time: 00:00:52

Health: 0/36       AC:  6    Str: 13    XL:     4   Next: 74%
Magic:  4/4        EV: 11    Int: 10    God:
Gold:   79         SH:  0    Dex: 14    Spells: 4/5 levels left

rFire   . . .        Y - +1 sling
rCold   . . .        (no shield)
rNeg    . . .        h - +0 ring mail
rPois   .            (helmet restricted)
rElec   .            a - +0 cloak
rCorr   .            (no gloves)
SInv    .            (no boots)
Will    .....        (no amulet)
Stlth   +            (no ring)
HPRegen 0.26/turn    (no ring)
MPRegen 0.09/turn

%: no passive effects
@: no status effects
A: horns 2, retaliatory headbutt
a: no special abilities


You were on level 3 of the Dungeon.
You visited 1 branch of the dungeon, and saw 4 of its levels.

You collected 79 gold pieces.


Innate Abilities, Weirdness & Mutations

You have a pair of horns on your head.
You reflexively headbutt those who attack you in melee.


   Skills:
 - Level 2.0 Fighting
 + Level 4.8 Ranged Weapons
 - Level 2.1 Armour
 - Level 2.1 Dodging
 - Level 1.0 Spellcasting
 - Level 2.0 Hexes


You had 4 spell levels left.
You knew the following spells:

 Your Spells              Type           Power      Damage    Failure   Level
a - Slow                  Hex            16%        N/A       32%         1

Your spell library contained the following spells:

 Spells                   Type           Power      Damage    Failure   Level
 Inner Flame              Hex/Fire       2%         N/A       82%         3
 Portal Projectile        Hex/Tloc       4%         N/A       82%         3
 Cause Fear               Hex            2%         N/A       97%         4

Inventory:

Hand Weapons
 Y - a +1 sling (weapon)
Armour
 a - a +0 cloak (worn)
 h - a +0 ring mail (worn)
 j - a +2 pair of boots of stealth
Potions
 b - a potion of attraction {unknown}
 c - a potion of degeneration {unknown}
 d - a potion of magic {unknown}
 e - a potion of mutation {unknown}
 f - a potion of curing
 g - a potion of resistance {unknown}
 i - a potion of cancellation {unknown}
 k - a potion of brilliance {unknown}
 l - a potion of might {unknown}

Dungeon Overview and Level Annotations

Branches:
Dungeon (4/15)
 Temple: D:4-7

Altars:

Shops:
D:2 (


Message History

The gnoll hits you with a +0 whip. The gnoll barely misses you.
You shoot a sling bullet.
The sling bullet closely misses the gnoll.
The gnoll shouts!
The gnoll closely misses you.
You shoot a sling bullet. The sling bullet hits the gnoll.
The gnoll is almost dead.
The gnoll hits you but does no damage.
You shoot a sling bullet. The sling bullet hits the gnoll.
You kill the gnoll!
A frilled lizard comes into view.
The orc hits you but does no damage. The gnoll misses you.
You shoot a sling bullet. The frilled lizard hisses angrily.
The sling bullet hits the orc.
The orc is heavily wounded.
The gnoll misses you. The orc closely misses you.
You shoot a sling bullet.
The sling bullet completely misses the orc.
The sling bullet completely misses the gnoll.
The gnoll completely misses you. The orc barely misses you.
You furiously retaliate!
You headbutt the orc!
You kill the orc!
You shoot a sling bullet.
The sling bullet hits the gnoll but does no damage.
The gnoll hits you but does no damage.
You shoot a sling bullet. The sling bullet hits the gnoll.
The gnoll is lightly wounded.
The gnoll hits you with a +0 whip. The gnoll completely misses you.
The gnoll hits you from afar with a +0 halberd!
The gnoll hits you but does no damage.
You shoot a sling bullet. The sling bullet hits the gnoll.
The gnoll is heavily wounded.
The gnoll barely misses you.
The gnoll hits you from afar with a +0 halberd.
You shoot a sling bullet. The sling bullet hits the gnoll.
The gnoll is heavily wounded.
The gnoll hits you with a +0 whip.
The gnoll hits you from afar with a +0 halberd!
You die...

##..(....#.#######.
.#####...'.........
# ....##..#.#.#####.
#. . #.##.#.# ...
###..#.# ....
##.....# ...8.
##.8...##
#....l#####.....##
.....gg@....)...###
#########.###.......
#...........
###.######## #.# #.#
#.# #.# #.#


You could see 2 gnolls and a frilled lizard.

Vanquished Creatures
  An iguana (D:4)
  2 gnolls (D:3)
  An adder (D:3)
  A worm (D:2)
  2 dart slugs
  An orc (D:3)
  6 bats
  6 endoplasms
  3 giant cockroaches
  10 goblins
  5 hobgoblins
  6 kobolds
  5 ball pythons
  2 frilled lizards (D:1)
  6 rats
57 creatures vanquished.

Notes
Turn   | Place    | Note
-------+----------+-------------------------------------------
     0 | D:1      | qw the Minotaur Hexslinger began the quest for the Orb.
     0 | D:1      | Reached XP level 1. HP: 16/16 MP: 1/1
     0 | D:1      | 0 ||| qw: Version: 0.3-a-52-g30416fa
     0 | D:1      | 0 ||| qw: Game counter: 6017
     0 | D:1      | 0 ||| qw: Melee chars always use a shield: true
     0 | D:1      | 0 ||| qw: God list: Okawaru
     0 | D:1      | 0 ||| qw: Allow faded altars: false
     0 | D:1      | 0 ||| qw: Do Orc after clearing Dungeon:15 true
     0 | D:1      | 0 ||| qw: Do second Lair branch before Depths: true
     0 | D:1      | 0 ||| qw: Lair rune preference: random
     0 | D:1      | 0 ||| qw: Goals: Normal
     0 | D:1      | 0 ||| PLANNING D:1-11
   205 | D:1      | Reached skill level 3 in Ranged Weapons
   205 | D:1      | Reached XP level 2. HP: 23/23 MP: 2/2
   588 | D:1      | 588 ||| FLEEEEING.
   589 | D:1      | 589 ||| FLEEEEING.
   590 | D:1      | 590 ||| FLEEEEING.
   591 | D:1      | 591 ||| FLEEEEING.
   592 | D:1      | 592 ||| FLEEEEING.
   954 | D:1      | 954 ||| UPGRADING to +0 ring mail.
   964 | D:1      | 964 ||| DROPPING +0 robe.
   966 | D:1      | 966 ||| READING scroll labelled CEHEDIRUDA.
   967 | D:1      | 967 ||| READING scroll labelled ZEMEUWNONAR.
   976 | D:1      | 976 ||| DRINKING 2 silvery potions.
   979 | D:1      | 979 ||| DRINKING 2 dark potions.
  1088 | D:1      | 1088 ||| DROPPING scroll of poison.
  1091 | D:1      | 1091 ||| DROPPING potion of berserk rage.
  1269 | D:2      | Reached XP level 3. HP: 23/29 MP: 3/3
  1298 | D:2      | Identified the +2 quarterstaff "Ungoebli" {heavy, Fragile
                  | Str+2 SInv}
  1451 | D:2      | Found a faded altar of an unknown god.
  1460 | D:2      | Reached skill level 4 in Ranged Weapons
  1576 | D:2      | Found Woer's Weapon Emporium.
  1662 | D:2      | You fall into a shaft and drop 2 floors!
  1677 | D:4      | Reached XP level 4. HP: 10/36 MP: 4/4
  1778 | D:4      | 1778 ||| UPGRADING to +0 cloak.
  1787 | D:4      | 1787 ||| FLEEEEING.
  1788 | D:4      | 1788 ||| STAIRDANCE
  2189 | D:3      | 2189 ||| Stepping ~*~*~tactically~*~*~ (outnumbered).
  2274 | D:3      | Found a faded altar of an unknown god.
  2325 | D:3      | Slain by a gnoll

Levels and vault maps discovered:
D:1:      lightli_molten_gateway, layout_loops_corners
D:2:      kennysheep_the_goblin_king, layout_basic,
          shapermc_ecumenical_altar_rom_forum, serial_shops,
          nicolae_shop_bloodbath_and_beyond
D:3:      layout_loops_ring, grunt_gozag_breadcrumbs,
          nicolae_overflow_ecumenical_swirl
D:4:      layout_rooms, nicolae_overflow_crystal_walls

Skill      XL: |  1  2  3 |
---------------+----------+-----
Ranged Weapons | 3 4 |  4.8
Fighting       | 2 |  2.0
Armour         | 2 |  2.1
Dodging        | |  2.1
Spellcasting   | |  1.0
Hexes          | |  2.0

Action                     |  1- 3 |  4- 6 || total
---------------------------+-------+-------++-------
   Fire: Sling             |   124 |    55 ||   179
    Use: Scroll            |     2 |       ||     2
         Potion            |     2 |       ||     2
 Armour: Robe              |     4 |       ||     4
         Ring mail         |     6 |    10 ||    16
  Dodge: Dodged            |    36 |    25 ||    61

Table legend:
 A = Non-vault XP
 B = Vault XP
 C = Vault XP percentage of total XP
 D = Non-vault monster count
 E = Vault monster count
 F = Vault count percentage of total count
                 A         B        C        D         E       F
            +---------+---------+-------+---------+---------+-------
      Total |     159 |      12 |   7.0 |      50 |       7 |  12.3
            +---------+---------+-------+---------+---------+-------
        D:1 |      38 |       0 |   0.0 |      23 |       0 |   0.0
        D:2 |      26 |      12 |  31.6 |      14 |       7 |  33.3
        D:3 |      57 |       0 |   0.0 |      11 |       0 |   0.0
        D:4 |      38 |       0 |   0.0 |       2 |       0 |   0.0
            +---------+---------+-------+---------+---------+-------
